 Dungeon Crawl Stone Soup version 0.31-a0-667-g39726597b9 (webtiles) character file.

Game seed: 7819732602226064015

485 Revguard the Chopper (level 6, -4/47 HPs)
             Began as a Demonspawn Gladiator on Sept 4, 2023.
             Slain by Duvessa
             ... wielding a +6 rapier of holy wrath
              (11 damage)
             ... on level 4 of the Dungeon.
             The game lasted 00:06:25 (2920 turns).

Revguard the Chopper (Demonspawn Gladiator)         Turns: 2920, Time: 00:06:25

Health: -4/47      AC: 15    Str: 17    XL:     6   Next: 88%
Magic:  8/8        EV:  6    Int:  9    God:
Gold:   168        SH:  0    Dex: 14    Spells: 5/5 levels left

rFire   . . .        i - +1 mace (venom)
rCold   . . .        (no shield)
rNeg    + . .        n - +0 plate armour
rPois   .            c - +0 helmet
rElec   .            (no cloak)
rCorr   .            (no gloves)
SInv    .            m - +0 pair of boots
Will    .....        (no amulet) Stlth
                     g - ring of positive energy
HPRegen 0.27/turn    (no ring)
MPRegen 0.11/turn

%: no passive effects
@: confused, ambrosia-drunk
A: yellow scales 1
a: no special abilities


You were on level 4 of the Dungeon.
You visited 1 branch of the dungeon, and saw 4 of its levels.

You collected 168 gold pieces.

Inventory:

Hand Weapons
 a - a +0 war axe
 i - a +1 mace of venom (weapon)
Missiles
 d - 3 throwing nets (quivered)
 e - a javelin
Armour
 c - a +0 helmet (worn)
 m - a +0 pair of boots (worn)
 n - a +0 plate armour (worn)
Jewellery
 g - a ring of positive energy (left hand)
Scrolls
 b - a scroll of teleportation {unknown}
 h - 2 scrolls of vulnerability
 k - 2 scrolls of amnesia
 l - a scroll of identify
 o - a scroll of butterflies {unknown}
Potions
 f - a potion of cancellation
 j - a potion of lignification


   Skills:
 + Level 3.3 Fighting
 * Level 4.4 Axes
 - Level 1.7 Throwing
 + Level 2.2 Armour
 + Level 3.5 Dodging
 + Level 3.3 Invocations
 + Level 2.3 Evocations


You had 5 spell levels left.
You didn't know any spells.
Your spell library contained the following spells:

 Spells                   Type           Power      Damage    Failure   Level
 Blink                    Tloc           0%         N/A       100%        2
 Scorch                   Fire           0%         2d5       100%        2
 Flame Wave               Conj/Fire      0%         2d4       100%        4
 Manifold Assault         Tloc           0%         N/A       100%        4
 Summon Cactus Giant      Summ           0%         N/A       100%        6


Dungeon Overview and Level Annotations

Branches:
Dungeon (4/15)
 Temple: D:4-7

Altars:
Hepliaklqana
Uskayaw
Wu Jian
Yredelemnul

Shops:
D:1 ?

Annotations:
D:4 Dowan, Duvessa


Innate Abilities, Weirdness & Mutations

You are partially covered in yellow scales. (AC +2)


Message History

There is an open door here.
l - a scroll of identify An endoplasm comes into view.
The endoplasm quivers.
Found a whip and a short sword.
The endoplasm hits you but does no damage.
You hit the endoplasm.
The endoplasm is lightly wounded.
The endoplasm hits you.
You sock the endoplasm!
You kill the endoplasm!
Dowan, Brother of Duvessa comes into view.
He is wielding a +2 dagger of pain.
Dowan shouts!
You hear a shout!
An orc comes into view. It is wielding a +0 hand axe.
The orc shouts!
Duvessa, Sister of Dowan comes into view.
She is wielding a +6 rapier of holy wrath.
Dowan says, "Magic and the sword, together, will defeat you."
You hit Duvessa but do no damage.
Duvessa is poisoned.
Dowan hits you but does no damage.
You writhe in agony.
Duvessa hits you with a +6 rapier of holy wrath!
You convulse!
Dowan points at Duvessa and mumbles some strange words.
Duvessa seems to speed up.
The orc hits you but does no damage. Duvessa attacks as she pursues you!
Duvessa hits you but does no damage.
Duvessa hits you with a +6 rapier of holy wrath.
You convulse.
Dowan casts a spell.
Dowan blinks!
You completely miss Duvessa. Your punch misses Duvessa.
Duvessa is moderately wounded.
Duvessa hits you with a +6 rapier of holy wrath.
You convulse.
Duvessa hits you with a +6 rapier of holy wrath!
* * * LOW HITPOINT WARNING * * *
You convulse.
* * * LOW HITPOINT WARNING * * *
You are confused.
You feel invigorated.
Duvessa hits you with a +6 rapier of holy wrath!
You die...

###..##)....# #
......)###.#######
###.##..# ##.........
........####.....#####
###.##..........##
...............##
#...###o######.# #.#
#e# #.# # #@# #+# #.#
..# ####


You could see Duvessa (fast, poisoned) and an orc.

Vanquished Creatures
  Sigmund (D:4)
  3 orc priests (D:3)
  Natasha (thrice) (D:2)
  An orc wizard (D:3)
  4 adders
  A gnoll (D:1)
  2 worms (D:2)
  A dart slug (D:1)
  14 orcs (D:3)
  4 bats
  6 endoplasms
  2 giant cockroaches
  3 goblins (D:2)
  10 hobgoblins
  3 jackals (D:3)
  4 quokkas
  5 ball pythons
  4 frilled lizards (D:1)
  7 kobolds
  9 rats
87 creatures vanquished.

Notes
Turn   | Place    | Note
-------+----------+-------------------------------------------
     0 | D:1      | Revguard the Demonspawn Gladiator began the quest for the
                  | Orb.
     0 | D:1      | Reached XP level 1. HP: 16/16 MP: 1/1
   138 | D:1      | Reached skill level 3 in Axes
   138 | D:1      | Gained mutation: You are partially covered in yellow
                  | scales. (AC +2) [demonic ancestry]
   138 | D:1      | Reached XP level 2. HP: 22/22 MP: 2/2
   167 | D:1      | Noticed a shining eye
   172 | D:1      | Found a faded altar of an unknown god.
   174 | D:1      | Noticed a golden eye
   174 | D:1      | Noticed an eye of devastation
   174 | D:1      | Noticed a golden eye
   227 | D:1      | Found The Oracle's Delphic Readings.
   299 | D:1      | Reached skill level 1 in Invocations
   369 | D:1      | Reached XP level 3. HP: 27/27 MP: 3/3
   686 | D:2      | Noticed Natasha
   694 | D:2      | Killed Natasha
   695 | D:2      | Reached skill level 1 in Armour
   695 | D:2      | Reached skill level 1 in Evocations
   695 | D:2      | Reached XP level 4. HP: 32/34 MP: 3/5
   864 | D:2      | Noticed Natasha
   876 | D:2      | Killed Natasha
   965 | D:2      | Noticed Natasha
   971 | D:2      | Killed Natasha
  1086 | D:2      | Identified the +1 plate armour of the Seven Gods {-Tele
                  | Str+4 Stlth+}
  1357 | D:2      | Reached XP level 5. HP: 30/39 MP: 6/6
  2297 | D:3      | Found a hide-covered altar of Uskayaw.
  2308 | D:3      | Reached skill level 4 in Axes
  2318 | D:3      | Reached XP level 6. HP: 47/47 MP: 8/8
  2336 | D:3      | Found a basalt altar of Yredelemnul.
  2490 | D:3      | Found a hazy altar of Hepliaklqana.
  2686 | D:3      | Found an ornate altar of the Wu Jian Council.
  2747 | D:4      | Noticed Sigmund
  2755 | D:4      | Killed Sigmund
  2911 | D:4      | Noticed Dowan
  2912 | D:4      | Noticed Duvessa
  2920 | D:4      | Slain by Duvessa

Illustrated notes

Levels and vault maps discovered:
D:1:      minmay_arrival_radiant_lines, layout_rooms,
          hellmonk_ecumenical_altar_watching_god, st_stairs_13,
          nicolae_nh_oracle_at_delphi
D:2:      layout_basic, uniq_natasha
D:3:      layout_basic, mainiacjoe_overflow_alcove_1,
          nicolae_hepliaklqana_hazy_memory, mainiacjoe_overflow_catwalk_spiral
D:4:      layout_loops_corners, mainiacjoe_overflow_tiny_flanked, uniq_edmund,
          uniq_blork_the_orc, uniq_duvessa, uniq_menkaure, uniq_sigmund

Skill      XL: |  1  2  3  4  5  6 |
---------------+-------------------+-----
Axes           | 3 4 |  4.4
Invocations    | 1 2 3 |  3.3
Armour         | 1 2 |  2.2
Evocations     | 1 2 |  2.3
Dodging        | 3 |  3.5
Fighting       | 3 |  3.3
Throwing       | |  1.7

Action                     |  1- 3 |  4- 6 || total
---------------------------+-------+-------++-------
  Melee: War axe           |    84 |     8 ||    92
         Punch             |     1 |     2 ||     3
         Mace              |       |   151 ||   151
    Use: Scroll            |       |     4 ||     4
         Potion            |       |     2 ||     2
   Stab: Sleeping          |     1 |       ||     1
 Armour: Leather armour    |    40 |    28 ||    68
         Plate armour      |       |    78 ||    78
         Scale mail        |       |     9 ||     9
  Dodge: Dodged            |    63 |    80 ||   143

Table legend: (Time is in decaauts)
 A = Elapsed time spent in this place.
 B = Non-inter-level travel time spent in this place.
 C = Inter-level travel time spent in this place.
 D = Time resting spent in this place.
 E = Time spent auto-exploring this place.
 F = Levels seen in this place.
 G = Mean time per level.
                   A        B        C        D        E       F      G
               +--------+--------+--------+--------+--------+-----+--------+
         Total |   2999 |   2942 |     57 |    161 |   1965 |   4 |  749.8 |
       Dungeon |   2999 |   2942 |     57 |    161 |   1965 |   4 |  749.8 |
               +--------+--------+--------+--------+--------+-----+--------+

Top non-repeatable levels by time:
     D:2: 1105 daAuts
     D:3: 1067 daAuts
     D:1: 648 daAuts
     D:4: 177 daAuts
